 Dungeon Crawl Stone Soup version 0.19.1 (webtiles) character file.

4096 SQman the Spear-Bearer (level 10, -9/83 HPs)
             Began as a Centaur Gladiator on Dec 20, 2016.
             Was a Priest of Nemelex Xobeh.
             Killed from afar by an electric eel (13 damage)
             ... with a bolt of electricity
             ... on level 9 of the Dungeon.
             The game lasted 00:45:47 (9109 turns).

SQman the Spear-Bearer (Centaur Gladiator)          Turns: 9109, Time: 00:45:48

Health: -9/83      AC: 15    Str: 22    XL:     10   Next: 5%
Magic:  10/10      EV: 11    Int:  7    God:    Nemelex Xobeh [***...]
Gold:   368        SH:  0    Dex: 15    Spells: 1 memorised, 8 levels left

rFire  . . .     SeeInvis .     g - +0 halberd
rCold  . . .     Gourm    .     e - quicksilver dragon scales
rNeg   . . .     Faith    .     (shield currently unavailable)
rPois  .         Spirit   .     y - +2 helmet
rElec  .         Reflect  .     p - +2 cloak
rCorr  .         Harm     +     (no gloves)
MR     +....                    (no barding)
Stlth  +.........               I - amulet of harm
                                q - +4 ring of dexterity
                                z - +2 ring of strength

@: very quick
A: hooves 3, deformed body, speed 2, tough skin 3
a: Triple Draw, Renounce Religion


You were on level 9 of the Dungeon.
You worshipped Nemelex Xobeh.
Nemelex Xobeh was most pleased with you.
You were not hungry.

You visited 1 branch of the dungeon, and saw 9 of its levels.
You also visited: Ossuary.

You collected 488 gold pieces.
You spent 120 gold pieces at shops.

Inventory:

Hand Weapons
 a - a +1 trident
 c - a +0 trident
 g - a +0 halberd (weapon)
 n - a +2 trident of protection
 t - a +0 shortbow
 K - a +0 arbalest
Missiles
 d - a throwing net (quivered)
 i - 35 bolts
 j - 116 arrows
 m - 14 tomahawks
 v - 7 steel tomahawks
Armour
 e - quicksilver dragon scales (worn)
 p - a +2 cloak (worn)
 y - a +2 helmet (worn)
Magical Staves
 D - an uncursed staff of fire
Jewellery
 q - a +4 ring of dexterity (right hand)
 z - a +2 ring of strength (left hand)
 I - an amulet of harm (around neck)
Wands
 b - a wand of digging (15/24)
 u - a wand of iceblast (6/15)
 G - a wand of random effects (20/48)
Scrolls
 l - a scroll of fog
 B - a scroll of teleportation
 E - a scroll of magic mapping
Potions
 s - 6 potions of curing
 A - a potion of magic
 H - a potion of agility
 J - 3 potions of might
Books
 F - a book of Geomancy

   Spells                             Type                      Level
   a - Sandblast                      Earth                        1
   b - Passwall                       Transmutation/Earth          2
   c - Stone Arrow                    Conjuration/Earth            3
   d - Petrify                        Transmutation/Earth          4
   e - Lee's Rapid Deconstruction     Earth                        5
 L - a book of Callings

   Spells                             Type                      Level
   a - Summon Small Mammal            Summoning                    1
   b - Call Imp                       Summoning                    2
   c - Call Canine Familiar           Summoning                    3
   d - Summon Guardian Golem          Hexes/Summoning              3
   e - Summon Lightning Spire         Summoning/Air                4
   f - Summon Ice Beast               Ice/Summoning                4
Miscellaneous
 k - a plain deck of destruction {drawn: 2}
 o - a legendary deck of summoning {drawn: 3}
 x - a plain deck of destruction
 C - a plain deck of escape
 M - a plain deck of destruction
Comestibles
 f - 7 bread rations
 h - 6 meat rations
 r - 8 beef jerkies
 w - a royal jelly


   Skills:
 + Level 6.1 Fighting
 + Level 9.3 Polearms
 + Level 0.4 Crossbows
 + Level 2.6 Throwing
 + Level 4.8 Armour
 + Level 4.8 Dodging
 + Level 1.6 Stealth
 + Level 0.2 Invocations


You had 8 spell levels left.
You knew the following spells:

 Your Spells              Type           Power        Failure   Level  Hunger
a - Sandblast             Erth           #.....       75%         1    ##.....


Dungeon Overview and Level Annotations

Branches:
Dungeon (9/15)             Temple (0/1) D:4            Lair (0/6) D:9
    Orc: D:9-12

Altars:
Ashenzari
Elyvilon
Fedhas
Gozag
Kikubaaqudgha
Nemelex Xobeh
Qazlal
Ru
Trog
Uskayaw
Zin

Shops:
D:4 }


Innate Abilities, Weirdness & Mutations

You have hooves in place of feet.
Armour fits poorly on your strangely shaped body.
You cover ground very quickly.
You have extremely tough skin. (AC +3)


Message History

The electric eel shoots out a bolt of lightning at you!
The bolt of electricity hits you!
* * * LOW HITPOINT WARNING * * *
The wolf closely misses you.
You miss the wolf. Your kick misses the wolf.
The wolf bites you but does no damage. The wolf bites you!
* * * LOW HITPOINT WARNING * * *
You impale the wolf!!
You kill the wolf!
The wolf bites you but does no damage. The hound completely misses you.
The wolf bites you.
* * * LOW HITPOINT WARNING * * *
The hound bites you.
* * * LOW HITPOINT WARNING * * *
You closely miss the wolf. The wolf closely misses you.
The hound bites you but does no damage.
The electric eel shoots out a bolt of lightning at you!
The bolt of electricity hits you!
You die...
Your body glows with a rainbow of weird colours and disappears.

.. .....≈≈≈≈≈≈≈≈
....#...≈≈≈≈≈≈≈≈
#...#.≈;≈.≈.≈≈≈≈
##...#.;†T..≈≈.≈.
........††≈.≈.≈.≈
............≈....
#...............
#......†h......#
#.....h@......#.
#.............#
#......#########
#####'###......#
#...<...#......#
#.....<.#......#
#.......#......#
#.......#......#
#.......#......#


You could see a troll, a wolf, a hound and 2 electric eels.

Vanquished Creatures
  A hippogriff (D:7)
  Prince Ribbit (D:7)
  A water moccasin (D:8)
  2 orc warriors
  2 ice beasts
  4 ogres
  A black bear (D:8)
  4 phantoms
  3 wolves (D:9)
  3 centaurs
  5 bullfrogs
  3 water moccasin zombies (Ossuary)
  A wyvern skeleton (D:7)
  A scorpion (D:7)
  5 wights (D:7)
  A crimson imp (D:8)
  A jelly (D:7)
  A quasit (D:6)
  5 hounds
  2 orc priests
  2 centaur skeletons
  3 orc wizards
  Natasha (thrice) (D:3)
  An iguana (D:6)
  7 worker ants
  5 big kobold zombies (Ossuary)
  A hound skeleton (D:6)
  2 mummies (Ossuary)
  A worker ant zombie (D:8)
  4 gnolls (D:6)
  16 adders
  A shadow imp (D:6)
  2 oozes
  4 adder zombies (Ossuary)
  An adder skeleton (D:6)
  4 worms
  3 dart slugs
  4 leopard geckos
  29 orcs
  7 giant cockroaches
  7 hobgoblins
  8 jackals
  4 quokkas
  2 ball pythons
  5 bats
  7 frilled lizards
  8 gnoll zombies (Ossuary)
  8 goblins
  2 hobgoblin zombies (Ossuary)
  5 kobolds
  7 kobold zombies (Ossuary)
  A leopard gecko skeleton (D:6)
  A leopard gecko zombie (D:8)
  2 orc zombies (Ossuary)
  A quokka skeleton (D:8)
  A quokka zombie (D:6)
  6 rats
  A butterfly (D:3)
  A plant (D:3)
224 creatures vanquished.

Vanquished Creatures (collateral kills)
  A worker ant (D:3)
  An adder (D:3)
  4 orcs (D:3)
  A goblin (D:3)
  A kobold (D:3)
  A butterfly (D:3)
9 creatures vanquished.

Vanquished Creatures (others)
  An orc (D:6)
  2 jackals (D:9)
3 creatures vanquished.

Grand Total: 236 creatures vanquished

Notes
Turn   | Place    | Note
-------+----------+-------------------------------------------
     0 | D:1      | SQman the Centaur Gladiator began the quest for the Orb.
     0 | D:1      | Reached XP level 1. HP: 17/17 MP: 1/1
   404 | D:1      | Reached XP level 2. HP: 22/24 MP: 2/2
   870 | D:2      | Found a sparkling altar of Nemelex Xobeh.
   879 | D:2      | Reached skill level 3 in Polearms
   908 | D:2      | Became a worshipper of Nemelex Xobeh the Trickster
   959 | D:2      | Reached XP level 3. HP: 4/29 MP: 3/3
  1001 | D:2      | Found a glowing silver altar of Zin.
  1054 | D:2      | Received a gift from Nemelex Xobeh
  1106 | D:2      | Found a shattered altar of Ashenzari.
  1161 | D:2      | HP: 1/29 [worm (1)]
  1475 | D:2      | Reached XP level 4. HP: 3/36 MP: 4/4
  1971 | D:3      | Reached skill level 1 in Armour
  2056 | D:3      | Found an opulent altar of Gozag.
  2213 | D:3      | Reached * piety under Nemelex Xobeh
  2303 | D:3      | Reached XP level 5. HP: 37/42 MP: 5/5
  2495 | D:3      | Noticed Natasha
  2516 | D:3      | Killed Natasha
  2737 | D:3      | Noticed Natasha
  2755 | D:3      | Killed Natasha
  2755 | D:3      | Reached skill level 4 in Polearms
  2839 | D:3      | Noticed Natasha
  2867 | D:3      | Killed Natasha
  3167 | D:3      | Reached XP level 6. HP: 47/51 MP: 6/6
  3188 | D:3      | Found a blossoming altar of Fedhas.
  3328 | D:4      | Received a gift from Nemelex Xobeh
  3615 | D:4      | Reached XP level 7. HP: 10/57 MP: 7/7
  3810 | D:4      | Reached skill level 5 in Polearms
  3813 | D:4      | Found a staircase to the Ecumenical Temple.
  3849 | D:4      | Found a stormy altar of Qazlal.
  3997 | D:4      | Found an ancient bone altar of Kikubaaqudgha.
  4001 | D:4      | Found a blossoming altar of Fedhas.
  4186 | D:4      | Found Inukhleist's Gadget Shoppe.
  4202 | D:4      | Bought a wand of iceblast (6/15) for 120 gold pieces
  4425 | D:5      | Entered Level 5 of the Dungeon
  4455 | D:5      | Reached ** piety under Nemelex Xobeh
  4460 | D:5      | Found a bloodstained altar of Trog.
  4520 | D:5      | Reached skill level 6 in Polearms
  4831 | D:5      | Found a white marble altar of Elyvilon.
  5276 | D:5      | Received a gift from Nemelex Xobeh
  5354 | D:5      | Found a sand-covered staircase.
  5374 | D:5      | Learned a level 1 spell: Sandblast
  5379 | Ossuary  | Entered an ossuary
  5410 | Ossuary  | Reached XP level 8. HP: 47/66 MP: 8/8
  5865 | D:6      | Found a sacrificial altar of Ru.
  5872 | D:6      | Reached skill level 7 in Polearms
  6385 | D:6      | Found a hide-covered altar of Uskayaw.
  6407 | D:6      | Reached skill level 5 in Fighting
  6889 | D:6      | Reached XP level 9. HP: 65/74 MP: 9/9
  7241 | D:7      | Reached *** piety under Nemelex Xobeh
  7241 | D:7      | Received a gift from Nemelex Xobeh
  7248 | D:7      | Noticed Prince Ribbit
  7259 | D:7      | Killed Prince Ribbit
  7316 | D:7      | Reached skill level 8 in Polearms
  7581 | D:7      | Found a bloodstained altar of Trog.
  7607 | D:7      | Reached skill level 1 in Stealth
  8646 | D:8      | Reached skill level 9 in Polearms
  8802 | D:8      | Received a gift from Nemelex Xobeh
  9091 | D:9      | Found a staircase to the Lair.
  9098 | D:9      | Reached XP level 10. HP: 74/83 MP: 10/10
  9108 | D:9      | HP: 3/83 [hound (2)]
  9109 | D:9      | Killed from afar by an electric eel

Skill      XL: |  1  2  3  4  5  6  7  8  9 |
---------------+----------------------------+-----
Polearms       | 3 4 6 7 9 |  9.3
Armour         | 1 2 3 4 |  4.8
Dodging        | 3 4 |  4.8
Fighting       | 3 4 5 6 |  6.1
Stealth        | 1 |  1.6
Crossbows      | |  0.4
Throwing       | |  2.6
Invocations    | |  0.2

Action                   |  1- 3 |  4- 6 |  7- 9 | 10-12 || total
-------------------------+-------+-------+-------+-------++-------
Melee: Trident           |   116 |   270 |   655 |       ||  1041
       Kick              |    18 |    77 |   250 |       ||   345
       Halberd           |       |       |    35 |     6 ||    41
 Fire: Arbalest          |       |       |     4 |       ||     4
Throw: Throwing net      |       |       |     8 |       ||     8
       Tomahawk          |       |       |     3 |       ||     3
Invok: Triple Draw       |       |       |     1 |       ||     1
Evoke: Deck              |       |     1 |     1 |       ||     2
  Use: Scroll            |     3 |     6 |    14 |       ||    23
       Potion            |     1 |     2 |    14 |       ||    17
 Stab: Held in net/web   |       |       |     4 |       ||     4
  Eat: Chunk             |     1 |     6 |     2 |       ||     9
       Bread ration      |       |       |     3 |       ||     3
Armor: Leather armour    |    45 |     9 |       |       ||    54
       Quicksilver drago |       |    89 |   330 |    12 ||   431
Dodge: Dodged            |    63 |   109 |   380 |    16 ||   568
